Map: Abyssal Reef LE

Players

LiquidSnute (Snute) - Winner!

  • Race: Zerg Zerg
  • League: Master
  • Spawn Location: 11:00

AxImpact (Impact)

  • Race: Zerg Zerg
  • League: Diamond
  • Spawn Location: 5:00

Event: HomeStory Cup XVI

VOD

Have the link to the VOD?

Description

Time

  • Played on: Nov. 12, 2017, 8:28 a.m.
  • Length: 11:06

All games in this series

Show
View Real Time Build Order
Export as new Build Order

LiquidSnute Zerg - Winner!

Build Orders: Pool First 

Get SALT Encoding   

  12  0:00  Drone  
  13  0:12  Overlord  
  13  0:17  Drone  
  14  0:30  Drone x2  
  14  0:34  Drone  
  17  0:44  Spawning Pool  
  17  0:48  Drone  
  17  1:09  Hatchery  
  16  1:11  Drone  
  17  1:27  Extractor  
  17  1:30  Queen  
  17  1:31  Zergling x4  
  17  1:32  Zergling x2  
  21  1:41  Overlord  
  21  1:53  Drone  
  22  2:03  Drone  
  22  2:06  Queen  
  25  2:14  Drone  
  26  2:21  Drone  
  27  2:25  Drone  
  27  2:29  Metabolic Boost  
  28  2:33  Drone  
  29  2:38  Drone x4  
  29  2:43  Overlord  
  33  2:48  Drone  
  34  2:56  Overlord  
  34  2:59  Drone  
  34  3:04  Zergling x2  
  36  3:10  Zergling x8  
  39  3:20  Zergling x2  
  39  3:21  Zergling x6  
  42  3:27  Zergling x2  
  42  3:28  Evolution Chamber  
  42  3:32  Queen  
  42  3:33  Baneling Nest  
  43  3:43  Zergling x2  
  43  3:44  Zergling x10  
  49  3:51  Zergling x6  
  47  3:59  Zergling x2  
  49  4:07  Zergling x4  
  48  4:17  Baneling x2, Drone x2  
  48  4:18  Drone x2  
  48  4:21  Drone  
  46  4:24  Baneling x2  
  46  4:28  Drone x2  
  48  4:38  Baneling  
  48  4:39  Baneling  
  48  4:40  Drone x2  
  50  4:46  Drone, Hatchery  
  50  4:47  Drone  
  50  4:51  Drone  
  52  4:58  Drone  
  51  5:00  Drone  
  52  5:12  Drone  
  52  5:13  Overlord  
  51  5:16  Overlord x2  
  51  5:17  Drone  
  51  5:20  Overlord  
  51  5:27  Zergling x2  
  51  5:28  Overlord  
  51  5:31  Extractor, Roach Warren  
  51  5:32  Zerg Missile Weapons Level 1  
  51  5:34  Zergling x10  
  51  5:42  Zergling x2  
  52  6:09  Drone x2  
  54  6:11  Roach  
  54  6:12  Roach x7  
  54  6:14  Extractor  
  54  6:15  Roach  
  54  6:18  Roach  
  73  6:20  Drone x4  
  76  6:26  Drone  
  76  6:30  Drone x3  
  76  6:31  Drone x3  
  83  6:36  Drone x3  
  86  6:42  Drone  
  86  6:43  Lair  
  86  6:44  Drone  
  86  6:45  Drone x3  
  86  6:46  Extractor  
  90  6:51  Drone  
  90  6:53  Drone  
  92  6:54  Drone  
  92  6:58  Drone  
  92  6:59  Drone x4  
  98  7:02  Overlord x2  
  98  7:06  Overlord  
  98  7:08  Overlord  
  98  7:09  Extractor  
  98  7:14  Overlord x2  
  97  7:17  Overlord, Hatchery  
  97  7:20  Roach  
  97  7:22  Roach x2  
  102  7:25  Roach  
  102  7:29  Evolution Chamber  
  103  7:31  Roach  
  103  7:32  Roach  
  103  7:36  Roach x3  
  113  7:38  Unknown  
  113  7:42  Glial Reconstitution  
  113  7:44  Zerg Missile Weapons Level 2  
  113  7:46  Roach x2  
  113  7:47  Roach x3  
  113  7:49  Roach  
  125  7:53  Roach x2  
  125  7:57  Roach x2  
  125  7:58  Roach  
  134  8:01  Roach x2  
  137  8:08  Overlord  
  137  8:09  Ravager x2  
  137  8:10  Roach x2  
  143  8:16  Roach x3  
  148  8:20  Roach x2  
  148  8:26  Roach x3  
  156  8:29  Roach x2  
  156  8:31  Roach  
  156  8:32  Overlord  
  160  8:35  Extractor  
  160  8:36  Roach  
  162  8:43  Roach  
  162  8:44  Roach x2  
  164  8:48  Overlord x2  
  164  8:55  Ravager x2  
  164  8:56  Roach x3  
  164  9:02  Overlord x2  
  170  9:07  Hatchery  
  170  9:08  Roach x3  
  175  9:12  Roach x2  
  179  9:22  Roach x5  
  189  9:34  Roach x5  
  172  9:48  Roach x6  
  166  9:55  Roach x2  
  164  10:01  Roach  
  164  10:02  Roach  
  164  10:03  Ravager  
  165  10:07  Roach x4  
  165  10:08  Roach x3  
  179  10:20  Roach x4  
  144  10:36  Roach  
  144  10:37  Roach x8  
  145  10:44  Roach x4  
Show
View Real Time Build Order
Export as new Build Order

AxImpact Zerg 

Build Orders: Hatch First, Zergling Baneling 

Get SALT Encoding   

  12  0:00  Drone  
  13  0:13  Overlord  
  13  0:19  Drone  
  14  0:32  Drone x2  
  16  0:36  Drone  
  17  0:53  Hatchery  
  17  0:56  Drone  
  17  1:00  Drone  
  17  1:03  Extractor  
  17  1:15  Spawning Pool  
  16  1:19  Drone  
  16  1:22  Drone  
  18  1:29  Drone  
  19  1:39  Overlord  
  19  2:02  Zergling x4  
  19  2:03  Queen, Metabolic Boost  
  19  2:06  Queen  
  25  2:12  Drone  
  25  2:13  Zergling x2  
  27  2:18  Drone  
  28  2:24  Baneling Nest  
  28  2:28  Zergling x2  
  28  2:32  Drone  
  28  2:36  Drone  
  30  2:39  Drone  
  31  2:48  Drone  
  31  2:51  Drone  
  33  3:01  Hatchery  
  33  3:04  Drone  
  33  3:09  Overlord  
  33  3:13  Drone x2  
  33  3:16  Drone  
  36  3:28  Zergling x10  
  36  3:30  Zergling x2  
  36  3:34  Baneling x3  
  42  3:37  Zergling x2  
  42  3:38  Baneling  
  42  3:39  Baneling x2  
  43  3:44  Zergling x2  
  43  3:48  Baneling  
  43  3:50  Overlord  
  42  3:59  Drone x2  
  42  4:01  Overlord  
  44  4:07  Drone  
  44  4:09  Overlord  
  44  4:10  Drone x2  
  44  4:11  Drone  
  44  4:13  Drone  
  47  4:18  Roach Warren  
  47  4:23  Drone  
  45  4:28  Queen  
  45  4:29  Extractor  
  46  4:34  Zergling x8  
  46  4:37  Zergling x4  
  51  4:41  Baneling  
  51  4:48  Drone  
  52  4:53  Drone x2  
  52  4:54  Drone  
  52  4:57  Extractor  
  50  5:00  Drone  
  50  5:11  Roach x2  
  50  5:12  Roach x4  
  57  5:14  Roach  
  57  5:15  Zergling x2  
  57  5:16  Roach  
  57  5:17  Zergling x2  
  60  5:22  Zergling x2  
  60  5:23  Roach, Queen  
  63  5:29  Roach  
  63  5:31  Queen  
  63  5:34  Drone  
  66  5:37  Drone  
  66  5:40  Drone x2  
  69  5:43  Overlord  
  69  5:47  Evolution Chamber  
  68  5:55  Lair  
  68  6:03  Roach x2  
  71  6:06  Roach  
  71  6:08  Drone  
  74  6:13  Overlord x2  
  74  6:14  Zerg Missile Weapons Level 1  
  73  6:26  Overlord  
  73  6:33  Drone x2  
  73  6:34  Drone x7  
  73  6:39  Roach x2  
  85  6:40  Roach  
  85  6:42  Ravager x2  
  85  6:45  Overlord  
  91  6:47  Roach  
  91  6:49  Roach  
  91  6:50  Ravager  
  94  6:55  Roach x2  
  94  6:57  Overlord  
  94  7:00  Overlord  
  98  7:02  Glial Reconstitution  
  98  7:06  Roach  
  98  7:08  Roach  
  102  7:10  Drone  
  102  7:11  Extractor, Drone  
  102  7:12  Drone  
  102  7:14  Drone  
  105  7:17  Overseer  
  105  7:18  Drone x2  
  105  7:22  Roach  
  109  7:24  Ravager  
  109  7:26  Roach  
  109  7:28  Roach  
  114  7:32  Roach  
  114  7:34  Overlord x2  
  114  7:35  Overlord  
  116  7:40  Roach x3  
  122  7:45  Overlord  
  122  7:46  Overlord  
  122  7:48  Overlord  
  122  7:51  Overseer  
  122  7:53  Roach  
  122  7:54  Roach  
  122  7:58  Roach x2  
  130  8:01  Roach  
  130  8:05  Roach x2  
  135  8:07  Roach  
  135  8:09  Roach  
  135  8:11  Roach  
  141  8:14  Roach  
  141  8:15  Roach  
  141  8:19  Roach x2  
  149  8:24  Drone  
  149  8:26  Ravager  
  148  8:27  Drone  
  148  8:29  Drone  
  148  8:30  Drone  
  148  8:32  Extractor, Drone  
  148  8:33  Drone x3  
  152  8:37  Zerg Missile Weapons Level 2  
  152  8:41  Roach  
  152  8:45  Drone x2  
  152  8:46  Drone  
  152  8:47  Overlord  
  157  8:54  Roach x3  
  157  9:00  Drone  
  157  9:01  Roach x2, Extractor  
  161  9:07  Roach x4  
  169  9:10  Overseer x2  
  169  9:13  Roach  
  173  9:17  Roach x2  
  173  9:21  Roach, Overlord  
  177  9:24  Overlord  
  177  9:31  Hatchery  
  177  9:35  Overlord  
  170  9:42  Roach x4  
  153  9:46  Roach  
  153  9:48  Roach x2  
  153  9:52  Roach x2  
  138  9:55  Roach x2  
  138  9:57  Roach  
  133  10:01  Roach x2  
  133  10:04  Roach  
  133  10:05  Roach  
  142  10:07  Ravager x3  
  142  10:08  Ravager x2  
  142  10:09  Ravager  
  142  10:12  Roach  
  149  10:16  Roach  
  149  10:17  Roach Warren  
  149  10:18  Roach  
  152  10:21  Roach  
  152  10:23  Roach  
  152  10:24  Roach  
  152  10:27  Roach  
  136  10:29  Roach  
  136  10:33  Roach x2  
  119  10:36  Roach x2  
  119  10:39  Roach  
  119  10:42  Roach  
  108  10:44  Roach  
  108  10:46  Roach  
Tags
 
Add a new tag
Caveats
  • Supply blocks, unpowered buildings, or Contaminate may cause inaccurate times.
  • Supply counts are checked every 10 seconds.